 Dungeon Crawl Stone Soup version 0.26.1-2-gb8aa6d0cf2 (webtiles) character file.

Game seed: 1180821475459961644

1222 FishyPogo the Grasshopper (level 8, 0/96 HPs)
             Began as a Gnoll Warper on Feb 18, 2021.
             Was a Believer of Makhleb.
             Succumbed to a hornet's poison
             ... on level 5 of the Dungeon.
             The game lasted 00:33:57 (6280 turns).

FishyPogo the Grasshopper (Gnoll Warper)            Turns: 6280, Time: 00:33:57

Health: 0/96       AC: 24    Str: 15    XL:     8   Next: 47%
Magic:  16/17      EV:  2    Int: 16    God:    Makhleb [**....]
Gold:   232        SH:  0    Dex: 15    Spells: 14/19 levels left

rFire    + . .     SeeInvis .   D - +4 short sword (elec)
rCold    + . .     Faith    .   (no shield)
rNeg     + + +     Spirit   .   (armour currently unavailable)
rPois    +         Reflect  .   (helmet currently unavailable)
rElec    +         Harm     .   (cloak currently unavailable)
rCorr    +         Rampage  .   (gloves currently unavailable)
Will     .....     NoTele   +   (boots currently unavailable)
Stlth    +.........             (no amulet)
HPRegen  0.26/turn              C - ring of attention (curse)
MPRegen  0.15/turn              (no ring)

@: mighty, brilliant, lethally poisoned (0 -> -1), tree-form, resistant,
attractive, hasted, very quick
A: distributed training, strong nose
a: Renounce Religion, Minor Destruction


You were on level 5 of the Dungeon.
You worshipped Makhleb.
Makhleb was pleased with you.
You were a tree.
You visited 1 branch of the dungeon, and saw 5 of its levels.

You collected 232 gold pieces.

Inventory:

Hand Weapons
 a - a +4 quarterstaff of chaos
 v - a +4 club
 y - a +2 rapier of speed
 D - a +4 short sword of electrocution (weapon)
Missiles
 e - 10 boomerangs of dispersal
 g - 6 boomerangs (quivered)
 h - 112 stones
 p - 14 poisoned darts
 s - 2 throwing nets
Armour
 b - the +3 scale mail of Decompression (melded) {-Cast rPois rN++ Str+4}
   (You found it on level 5 of the Dungeon)

   It affects your strength (+4).
   It protects you from poison.
   It greatly protects you from negative energy.
   It prevents spellcasting.
 i - a +0 leather armour
 q - a +1 cloak (melded)
 x - a +1 pair of boots (melded)
Jewellery
 C - a cursed ring of attention (left branch)
 E - an uncursed amulet of faith {unknown}
Wands
 u - a wand of digging (3)
Scrolls
 c - 7 scrolls of remove curse
 d - a scroll of blinking
 f - 4 scrolls of teleportation
 k - a scroll of fear {unknown}
 m - 4 scrolls of identify
 n - 2 scrolls of amnesia
 B - a scroll of enchant armour
Potions
 l - 2 potions of lignification


   Skills:
 + Level 5.7 Fighting
 + Level 5.7 Short Blades
 + Level 3.3 Long Blades
 + Level 3.3 Axes
 + Level 3.3 Maces & Flails
 + Level 3.3 Polearms
 + Level 3.3 Staves
 + Level 3.3 Slings
 + Level 3.3 Bows
 + Level 3.3 Crossbows
 + Level 4.2 Throwing
 + Level 4.2 Armour
 + Level 5.7 Dodging
 + Level 3.3 Stealth
 + Level 3.3 Shields
 + Level 3.3 Unarmed Combat
 + Level 6.0 Spellcasting
 + Level 2.7 Conjurations
 + Level 2.7 Hexes
 + Level 2.7 Summonings
 + Level 2.7 Necromancy
 + Level 6.1 Translocations
 + Level 2.7 Transmutations
 + Level 2.7 Fire Magic
 + Level 2.7 Ice Magic
 + Level 2.7 Air Magic
 + Level 2.7 Earth Magic
 + Level 2.7 Poison Magic
 + Level 3.6 Invocations
 + Level 3.3 Evocations


You had 14 spell levels left.
You knew the following spells:

 Your Spells              Type           Power        Failure   Level
a - Blink                 Tloc           N/A          1%          2
b - Teleport Other        Tloc           36%          3%          3

Your spell library contained the following spells:

 Spells                   Type           Power        Failure   Level
 Gell's Gravitas          Tloc           18%          3%          3
 Lesser Beckoning         Tloc           18%          3%          3
 Passage of Golubria      Tloc           N/A          11%         4


Dungeon Overview and Level Annotations

Branches:
Dungeon (5/15)             Temple (0/1) D:5

Altars:
Elyvilon
Gozag
Kikubaaqudgha
Makhleb
Uskayaw
Xom
Zin


Innate Abilities, Weirdness & Mutations

Your experience applies equally to all skills.
((You have very sharp teeth.))
Your uncanny sense of smell can sniff out nearby items.


Message History

You turn into a tree.
Your +1 cloak melds into your body.
Your +1 pair of boots melds into your body.
The +3 scale mail of Decompression {-Cast rPois rN++ Str+4} melds into your body.
Your roots penetrate the ground.
Unknown command.
Okay, then.
Okay, then.
* * * LOW HITPOINT WARNING * * *
You feel sick.
Okay, then.
As you read the scroll labelled ENASAZ ADUSTYLILI, it crumbles to dust.
It is a scroll of enchant weapon.
Your +3 short sword of electrocution glows red for a moment.
As you read the scroll labelled GUETEVV WE MAH, it crumbles to dust.
You hear a loud clanging noise!
It was a scroll of noise.
* * * LOW HITPOINT WARNING * * *
You feel sick.
Unknown command.
You die...

#.# #...)... #.#
##### #######. #.#
##!..## #. #.#
#.....# #. #.#
#..._. #.
#.####.... #.
#<........ #.
#######†## #. #♣#
#. #.# #. #.# #.
#.##### #.
#.....###########.
#####.............
##############


There were no monsters in sight!

Vanquished Creatures
  A hornet (D:5)
  An ogre (D:5)
  Blork the orc (D:5)
  3 scorpions
  An orc priest (D:4)
  Crazy Yiuf (D:2)
  3 hounds
  Jessica (D:3)
  Natasha (thrice) (D:3)
  An iguana (D:5)
  3 worker ants
  A hound skeleton (D:5)
  4 gnolls (D:3)
  14 adders
  3 white imps
  An ooze (D:2)
  5 worms
  4 leopard geckos
  2 orcs
  3 bats
  4 giant cockroaches
  9 goblins
  9 hobgoblins
  4 jackals (D:2)
  4 kobolds
  A quokka (D:4)
  2 ball pythons
  4 frilled lizards
  A jackal skeleton (D:5)
  A leopard gecko skeleton (D:4)
  8 rats
103 creatures vanquished.

Vanquished Creatures (others)
  12 fungi (D:4)
  4 plants (D:4)
16 creatures vanquished.

Grand Total: 119 creatures vanquished

Notes
Turn   | Place    | Note
-------+----------+-------------------------------------------
     0 | D:1      | FishyPogo the Gnoll Warper began the quest for the Orb.
     0 | D:1      | Reached XP level 1. HP: 20/20 MP: 6/6
   261 | D:1      | Reached XP level 2. HP: 22/26 MP: 7/7
   946 | D:2      | Learned a level 2 spell: Blink
   972 | D:2      | Reached XP level 3. HP: 28/31 MP: 9/9
   978 | D:2      | Reached skill level 5 in Spellcasting
  1179 | D:2      | Reached skill level 1 in Invocations
  1239 | D:2      | Found a faded altar of an unknown god.
  1353 | D:2      | Became a worshipper of Makhleb the Destroyer
  1353 | D:2      | Reached * piety under Makhleb
  1682 | D:2      | Reached skill level 1 in Long Blades
  1682 | D:2      | Reached skill level 1 in Axes
  1682 | D:2      | Reached skill level 1 in Maces & Flails
  1682 | D:2      | Reached skill level 1 in Polearms
  1682 | D:2      | Reached skill level 1 in Staves
  1682 | D:2      | Reached skill level 1 in Slings
  1682 | D:2      | Reached skill level 1 in Bows
  1682 | D:2      | Reached skill level 1 in Crossbows
  1682 | D:2      | Reached skill level 1 in Stealth
  1682 | D:2      | Reached skill level 1 in Shields
  1682 | D:2      | Reached skill level 1 in Unarmed Combat
  1682 | D:2      | Reached skill level 1 in Evocations
  1708 | D:2      | Reached XP level 4. HP: 38/38 MP: 11/11
  1729 | D:2      | Reached skill level 1 in Conjurations
  1729 | D:2      | Reached skill level 1 in Hexes
  1729 | D:2      | Reached skill level 1 in Summonings
  1729 | D:2      | Reached skill level 1 in Necromancy
  1729 | D:2      | Reached skill level 1 in Transmutations
  1729 | D:2      | Reached skill level 1 in Fire Magic
  1729 | D:2      | Reached skill level 1 in Ice Magic
  1729 | D:2      | Reached skill level 1 in Air Magic
  1729 | D:2      | Reached skill level 1 in Earth Magic
  1729 | D:2      | Reached skill level 1 in Poison Magic
  2200 | D:2      | Found a runed translucent door.
  2201 | D:2      | Noticed Crazy Yiuf
  2208 | D:2      | Learned a level 3 spell: Teleport Other
  2607 | D:2      | Killed Crazy Yiuf
  2608 | D:2      | Reached XP level 5. HP: 24/43 MP: 12/12
  3409 | D:3      | Noticed Natasha
  3416 | D:3      | Killed Natasha
  3598 | D:3      | Reached ** piety under Makhleb
  3609 | D:3      | Reached XP level 6. HP: 37/50 MP: 13/13
  3742 | D:3      | Noticed Jessica
  3869 | D:3      | Noticed Natasha
  3874 | D:3      | Killed Natasha
  3875 | D:3      | Reached skill level 5 in Fighting
  3875 | D:3      | Reached skill level 5 in Short Blades
  3875 | D:3      | Reached skill level 5 in Dodging
  3928 | D:3      | Noticed Natasha
  3933 | D:3      | Killed Natasha
  4235 | D:3      | Killed Jessica
  4555 | D:4      | Found a burning altar of Makhleb.
  4557 | D:4      | Found a white marble altar of Elyvilon.
  4557 | D:4      | Found an opulent altar of Gozag.
  4557 | D:4      | Found an ancient bone altar of Kikubaaqudgha.
  4560 | D:4      | Found a glowing silver altar of Zin.
  4682 | D:4      | Reached XP level 7. HP: 56/56 MP: 15/15
  5244 | D:5      | Entered Level 5 of the Dungeon
  5245 | D:5      | Found a hide-covered altar of Uskayaw.
  5245 | D:5      | Noticed a hornet
  5345 | D:5      | Found an opulent altar of Gozag.
  5640 | D:5      | Noticed Blork the orc
  5648 | D:5      | Killed Blork the orc
  5649 | D:5      | Reached XP level 8. HP: 54/63 MP: 16/16
  5724 | D:5      | Found a shimmering altar of Xom.
  5797 | D:5      | Found a staircase to the Ecumenical Temple.
  5801 | D:5      | Got a bloodstained scale mail
  5815 | D:5      | Identified the +3 scale mail of Decompression {-Cast rPois
                  | rN++ Str+4} (You found it on level 5 of the Dungeon)
  6267 | D:5      | HP: 3/63 [poisoned by a hornet]
  6271 | D:5      | Killed a hornet
  6272 | D:5      | HP: 1/64 [poisoned by a hornet]
  6280 | D:5      | Succumbed to a hornet's poison

Illustrated notes

Levels and vault maps discovered:
D:1:      giann_forest_graveyard, layout_basic, minmay_misc_feat_rugged
D:2:      layout_basic, chequers_ecumenical_altar_simple_redux,
          grunt_ministairs_12, uniq_crazy_yiuf_cottage
D:3:      layout_basic, chequers_serial_rivers_small_a,
          kennysheep_generic_room_12, uniq_jessica, uniq_natasha
D:4:      minmay_evil_eye, layout_rooms, grunt_temple_overflow_open,
          serial_aquarium, aquarium_bridge_long_joined
          [aquarium_subvault_bridge, aquarium_subvault_bridge,
          aquarium_subvault_bridge, aquarium_subvault_wall,
          aquarium_subvault_wall, aquarium_subvault_wall],
          aquarium_window_corner, aquarium_window_2, aquarium_view_2b,
          aquarium_balcony_5b, aquarium_pool_four, serial_bayou_ford_a
D:5:      layout_loops_ring, minmay_temple_entry_large_hall,
          hangedman_feature_mirror, xom_teletrap_fun, uniq_blork_the_orc

Skill      XL: |  1  2  3  4  5  6  7  8 |
---------------+-------------------------+-----
Spellcasting   | 5 6 |  6.0
Invocations    | 1 2 3 |  3.6
Long Blades    | 1 2 3 |  3.3
Axes           | 1 2 3 |  3.3
Maces & Flails | 1 2 3 |  3.3
Polearms       | 1 2 3 |  3.3
Staves         | 1 2 3 |  3.3
Slings         | 1 2 3 |  3.3
Bows           | 1 2 3 |  3.3
Crossbows      | 1 2 3 |  3.3
Stealth        | 1 2 3 |  3.3
Shields        | 1 2 3 |  3.3
Unarmed Combat | 1 2 3 |  3.3
Evocations     | 1 2 3 |  3.3
Conjurations   | 1 2 |  2.7
Hexes          | 1 2 |  2.7
Summonings     | 1 2 |  2.7
Necromancy     | 1 2 |  2.7
Transmutations | 1 2 |  2.7
Fire Magic     | 1 2 |  2.7
Ice Magic      | 1 2 |  2.7
Air Magic      | 1 2 |  2.7
Earth Magic    | 1 2 |  2.7
Poison Magic   | 1 2 |  2.7
Throwing       | 3 4 |  4.2
Armour         | 3 4 |  4.2
Fighting       | 5 |  5.7
Short Blades   | 5 |  5.7
Dodging        | 5 |  5.7
Translocations | 6 |  6.1

Action                   |  1- 3 |  4- 6 |  7- 9 || total
-------------------------+-------+-------+-------++-------
Melee: Short sword       |   106 |    39 |    23 ||   168
       Bite              |     8 |    12 |     2 ||    22
       Quarterstaff      |       |   115 |    48 ||   163
 Fire: Hunting sling     |     2 |     8 |       ||    10
Throw: Boomerang         |     2 |       |     9 ||    11
 Cast: Blink             |     1 |       |       ||     1
       Teleport Other    |       |     1 |       ||     1
Invok: Minor Destruction |       |       |     5 ||     5
  Use: Scroll            |       |     7 |     2 ||     9
       Potion            |       |       |     6 ||     6
 Stab: Sleeping          |     3 |     4 |       ||     7
       Distracted        |       |     1 |       ||     1
Armor: Leather armour    |    17 |    28 |    13 ||    58
Dodge: Dodged            |    61 |   107 |    46 ||   214
